 Dungeon Crawl Stone Soup version 0.30-a0-639-g3916f1956a (webtiles) character file.

Game seed: 11612985277456417189

41 Vylera the Magician (level 3, -4/25 HPs)
             Began as a Djinni Ice Elementalist on Jan 17, 2023.
             Was a Follower of Wu Jian.
             Shot with an arrow by a centaur (8 damage)
             ... on level 3 of the Dungeon.
             The game lasted 00:03:54 (1623 turns).

Vylera the Magician (Djinni Ice Elementalist)       Turns: 1623, Time: 00:03:54

Health: -4/25      AC:  9    Str:  7    XL:     3   Next: 75%
Gold:   195        EV: 12    Int: 18    God:    Wu Jian [*.....] SH:  0 Dex: 13

rFire   + + .      SeeInvis .    e - +0 dagger
rCold   x . .      Faith    .    (no shield)
rNeg    . . .      Spirit   .    a - +0 robe
rPois   ∞          Reflect  .    n - +0 helmet
rElec   .          Harm     .    (no cloak)
rCorr   .          Rampage  .    (no gloves)
Will    .....                    (boots unavailable)
Stlth   ++                       (no amulet)
HPRegen 0.24/turn                (no ring)
MPRegen 0.00/turn                (no ring)

@: ice-armoured, freezing walls, flying
A: sickness immunity, fire resistance 2, cold vulnerability 1, float, innate
caster, HP casting, extra vitality 1
a: Renounce Religion


You were on level 3 of the Dungeon.
You worshipped Wu Jian.
Wu Jian was aware of your devotion.
You visited 1 branch of the dungeon, and saw 3 of its levels.

You collected 195 gold pieces.

Inventory:

Hand Weapons
 e - a +0 dagger (weapon)
Armour
 a - a +0 robe (worn)
 n - a +0 helmet (worn)
Scrolls
 d - 2 scrolls of amnesia {unknown}
 f - 2 scrolls of enchant armour {unknown}
 h - a scroll of silence {unknown}
 i - 3 scrolls of teleportation {unknown}
 k - 2 scrolls of immolation {unknown}
 l - a scroll of identify {unknown}
 m - a scroll of vulnerability {unknown}
 o - a scroll of butterflies {unknown}
 s - a scroll of blinking {unknown}
Potions
 b - 2 potions of magic
 c - a potion of ambrosia {unknown}
 g - 2 potions of flight {unknown}
 j - 2 potions of might {unknown}
 p - 2 potions of curing {unknown}
 q - a potion of attraction {unknown}
 r - a potion of cancellation {unknown}


   Skills:
 - Level 2.1 Dodging
 - Level 1.5 Stealth
 * Level 4.1 Spellcasting


You couldn't memorise any spells.
You knew the following spells:

 Your Spells              Type           Power      Damage    Failure   Level
a - Freeze                Ice            72%        1d8       2%          1
b - Frozen Ramparts       Ice            36%        1d6       8%          3
c - Ozocubu's Armour      Ice            18%        N/A       8%          3
d - Summon Ice Beast      Ice/Summ       18%        N/A       26%         4
e - Magic Dart            Conj           72%        1d6       2%          1
Your spell library was empty.

Dungeon Overview and Level Annotations

Branches:
Dungeon (3/15)

Altars:
Wu Jian
Xom


Innate Abilities, Weirdness & Mutations

You are immune to sickness and miasma.
You are immune to poison.
Your flesh is very heat resistant. (rF++)
You are vulnerable to cold. (rC-)
You float through the air rather than walking.
You learn spells naturally, not from books.
Your magical power is your life essence.
You have superior vitality. (+4 MHP)


Message History

Casting: Ozocubu's Armour (quite dangerous; 8% risk of failure)
Confirm with . or Enter, or press ? or * to list all spells.
The spell is quite dangerous to miscast (8% risk of failure)!
Continue anyway?
Okay, then.
Casting: Frozen Ramparts (quite dangerous; 8% risk of failure)
Confirm with . or Enter, or press ? or * to list all spells.
The spell is quite dangerous to miscast (8% risk of failure)!
Continue anyway?
Okay, then.
Casting: Frozen Ramparts (quite dangerous; 8% risk of failure)
Confirm with . or Enter, or press ? or * to list all spells.
You can't see any susceptible monsters within range! (Use Z to cast anyway.)
Casting: Frozen Ramparts (quite dangerous; 8% risk of failure)
Confirm with . or Enter, or press ? or * to list all spells.
The spell is quite dangerous to miscast (8% risk of failure)!
Continue anyway?
Casting: Frozen Ramparts (quite dangerous; 8% risk of failure)
Press: ? - help, Dir - look around, f - activate You can't see that place.
The walls around you are covered in ice.
The centaur shoots an arrow.
The arrow hits you.
The centaur shoots an arrow.
The arrow hits you.
You hear a shout!
The wall freezes the orc.
You hit the orc.
The orc is almost dead.
The wall freezes the orc.
You kill the orc!
The Council accepts your kill.
The wall freezes the centaur.
The centaur shoots an arrow.
The arrow hits you.
The wall freezes the centaur.
The centaur shoots an arrow.
The arrow completely misses you.
The wall freezes the centaur.
The centaur shoots an arrow.
The arrow hits you!
* * * LOW HITPOINT WARNING * * *
The wall freezes the centaur.
The centaur shoots an arrow.
The arrow closely misses you.
The wall freezes the centaur.
The centaur shoots an arrow.
The arrow hits you.
* * * LOW HITPOINT WARNING * * *
The wall freezes the centaur.
The centaur shoots an arrow.
The arrow barely misses you.
The wall freezes the centaur.
The centaur shoots an arrow.
The arrow hits you!
You die...

#.......#.#
#.........'......#
#.###.#...#
###########......#
........#.## ########
#.#...#.#..# #...#.#..#####
#...#.#......#
..........###.#####
..#...#.#..#
#.....##########
..#...#.#..#
#.)@............ .
......#....#c###########...
## #.......# ##.......#
.............
###.....#.###o. #....$...
#...c..... #.........#


You could see a centaur.

Vanquished Creatures
  An adder (D:2)
  A worm (D:2)
  A dart slug (D:2)
  An orc (D:3)
  3 bats (D:1)
  3 endoplasms
  A giant cockroach (D:2)
  2 hobgoblins
  2 frilled lizards (D:2)
  3 goblins
  4 kobolds
  4 rats
26 creatures vanquished.

Notes
Turn   | Place    | Note
-------+----------+-------------------------------------------
     0 | D:1      | Vylera the Djinni Ice Elementalist began the quest for the
                  | Orb.
     0 | D:1      | Vylera set off with the following spells memorised: Freeze,
                  | Frozen Ramparts, Ozocubu's Armour, Summon Ice Beast.
     0 | D:1      | Reached XP level 1. HP: 15/15 MP: 0/0
   301 | D:1      | Reached XP level 2. HP: 21/21 MP: 0/0
   361 | D:1      | Found a faded altar of an unknown god.
   370 | D:1      | Prayed at the altar of an unknown god.
   370 | D:1      | Became a worshipper of the Wu Jian Council
   370 | D:1      | Reached * piety under Wu Jian
   700 | D:2      | Found a shimmering altar of Xom.
   908 | D:2      | Reached XP level 3. HP: 23/25 MP: 0/0
   908 | D:2      | Learned a level 1 spell: Magic Dart
   948 | D:2      | Reached skill level 4 in Spellcasting
  1610 | D:3      | Noticed a centaur
  1623 | D:3      | Shot with an arrow by a centaur

Illustrated notes

Levels and vault maps discovered:
D:1:      scummos_arrival_simple_fountains, layout_loops_ring,
          basic_ecumenical_altar
D:2:      layout_basic, serial_curves, eino_curves_02, eino_curves_02,
          basic_altar
D:3:      layout_basic

Skill      XL: |  1  2  3 |
---------------+----------+-----
Spellcasting   | 4 |  4.1
Dodging        | |  2.1
Stealth        | |  1.5

Action                   || total
-------------------------++-------
Melee: Dagger            ||    57
       Punch             ||     2
 Cast: Freeze            ||    26
       Ozocubu's Armour  ||     1
       Frozen Ramparts   ||     1
Invok: Lunge             ||     6
 Stab: Sleeping          ||     2
Armor: Robe              ||    19
Dodge: Dodged            ||    47

Table legend: (Time is in decaauts)
 A = Elapsed time spent in this place.
 B = Non-inter-level travel time spent in this place.
 C = Inter-level travel time spent in this place.
 D = Time resting spent in this place.
 E = Time spent auto-exploring this place.
 F = Levels seen in this place.
 G = Mean time per level.
                   A        B        C        D        E       F      G
               +--------+--------+--------+--------+--------+-----+--------+
         Total |   1622 |   1520 |    102 |      0 |   1267 |   3 |  540.7 |
       Dungeon |   1622 |   1520 |    102 |      0 |   1267 |   3 |  540.7 |
               +--------+--------+--------+--------+--------+-----+--------+

Top non-repeatable levels by time:
     D:2: 809 daAuts
     D:1: 680 daAuts
     D:3: 131 daAuts
